 Dungeon Crawl Stone Soup version 0.30.0-15-g856e2d3f33 (webtiles) character file.

Game seed: 946507652424619559

12096 Strat the Skirmisher (level 11, -1/68 HPs)
             Began as a Tengu Hexslinger on May 18, 2023.
             Was a Priest of Dithmenos.
             Killed from afar by a white imp (10 damage)
             ... with a puff of frost
             ... on level 11 of the Dungeon.
             The game lasted 00:27:51 (10382 turns).

Strat the Skirmisher (Tengu Hexslinger)            Turns: 10382, Time: 00:27:52

Health: -1/68      AC: 13    Str: 15    XL:     11   Next: 88%
Magic:  22/22      EV: 22    Int: 13    God:    Dithmenos [***...]
Gold:   484        SH:  0    Dex: 19    Spells: 11/12 levels left

rFire   . . .        a - +8 arbalest of Viorupa {flame, MP+9 Str+4}
rCold   . . .        (shield currently unavailable)
rNeg    + + .        E - +0 steam dragon scales
rPois   .            (helmet restricted)
rElec   .            k - +0 cloak
rCorr   .            f - +1 pair of gloves
SInv    .            (boots unavailable)
Will    +....        (no amulet)
Stlth   ++           n - +4 ring of protection
HPRegen 0.31/turn    A - ring "Neosast" {rN++ Will+}
MPRegen 0.18/turn

%: no passive effects
@: flying quickly and evasively, wreathed by umbra, studying Shields, quick
A: beak, talons 3, nimble flight
a: Renounce Religion, Shadow Step


You were on level 11 of the Dungeon.
You worshipped Dithmenos.
Dithmenos was most pleased with you.
You visited 2 branches of the dungeon, and saw 13 of its levels.
You also visited: Bailey.

You collected 526 gold pieces.
You spent 42 gold pieces at shops.

Inventory:

Hand Weapons
 a - the +8 arbalest of Viorupa (weapon) {flame, MP+9 Str+4}
   (You found it in a bailey)

   Str:       It affects your strength (+4).
   MP:        It affects your magic capacity (+9).
 b - a +1 hand crossbow
 w - a +0 arbalest
 D - a +0 glaive of flaming
 F - a +1 trident of venom
Missiles
 m - 4 boomerangs of dispersal
 u - a curare-tipped dart
Armour
 f - a +1 pair of gloves (worn)
 k - a +0 cloak (worn)
 p - a +0 troll leather armour
 v - a scarf of invisibility
 E - +0 steam dragon scales (worn)
 M - a +0 kite shield
Jewellery
 e - a ring of protection from cold
 n - a +4 ring of protection (left hand)
 A - the ring "Neosast" (right hand) {rN++ Will+}
   (You took it off a kobold on level 6 of the Dungeon)

   [ring of willpower]

   rN:        It greatly protects you from negative energy.
   Will:      It increases your willpower.
Wands
 q - a wand of light (12)
 s - a wand of digging (7)
 t - a wand of polymorph (18)
 C - a wand of charming (12)
Scrolls
 c - 2 scrolls of magic mapping
 j - 2 scrolls of poison
 o - 4 scrolls of enchant weapon
 r - a scroll of amnesia
 y - a scroll of teleportation
 H - a scroll of identify
Potions
 d - 3 potions of curing
 g - 3 potions of brilliance
 h - a potion of lignification
 i - a potion of attraction {unknown}
 l - 3 potions of might
 x - a potion of mutation
 z - a potion of ambrosia
 G - a potion of flight {unknown}
 J - a potion of haste
 K - a potion of magic {unknown}


   Skills:
 + Level 7.9 Fighting
 * Level 14.8 Ranged Weapons
 - Level 5.0 Armour
 - Level 10.0 Dodging
 - Level 1.0 Spellcasting
 - Level 2.1 Hexes


You had 11 spell levels left.
You knew the following spells:

 Your Spells              Type           Power      Damage    Failure   Level
a - Slow                  Hex            24%        N/A       12%         1

Your spell library contained the following spells:

 Spells                   Type           Power      Damage    Failure   Level
 Shock                    Conj/Air       0%         1d3       28%         1
 Poisonous Vapours        Pois/Air       0%         N/A       38%         2
 Static Discharge         Conj/Air       0%         2-2/arc   38%         2
 Inner Flame              Hex/Fire       3%         N/A       47%         3
 Portal Projectile        Hex/Tloc       6%         N/A       47%         3
 Vhi's Electric Charge    Tloc/Air       0%         N/A       63%         3
 Cause Fear               Hex            3%         N/A       75%         4
 Flame Wave               Conj/Fire      0%         2d4       95%         4
 Sticky Flame             Conj/Fire      0%         2d3       95%         4
 Arcjolt                  Conj/Air       0%         1d10      100%        5
 Maxwell's Capacitive Co  Air            0%         ∞         100%        8


Dungeon Overview and Level Annotations

Branches:
Dungeon (12/15)            Temple (1/1) D:6            Lair (0/5) D:11
    Orc (0/2) D:11         Bailey (visited)

Altars:
Ashenzari
Cheibriados
Dithmenos
Elyvilon
Fedhas
Gozag
Hepliaklqana
Kikubaaqudgha
Makhleb
Nemelex Xobeh
Okawaru
Qazlal
Ru
Sif Muna
Trog
Uskayaw
Vehumet
Wu Jian
Xom
Yredelemnul
Zin
The Shining One

Shops:
D:1 (   D:5 (   D:11 !


Innate Abilities, Weirdness & Mutations

You have a beak for a mouth.
You have claws for feet.
Your magical nature lets you fly swiftly and evasively.


Message History

Fire: a) +8 arbalest of Viorupa {flame, MP+9 Str+4}
Press: ? - help, Q - select action, (/) - cycle Shift-Dir - straight line, f/p - acid dragon
Aim: an acid dragon (moderately wounded, 73% to hit)
You shoot a bolt. The bolt hits the orc priest!
The bolt burns the orc priest.
The orc priest is heavily wounded.
Fire: a) +8 arbalest of Viorupa {flame, MP+9 Str+4}
Press: ? - help, Q - select action, (/) - cycle Shift-Dir - straight line, f/p - acid dragon
Aim: an acid dragon (moderately wounded, umbra, 73% to hit)
You shoot a bolt. The bolt closely misses the orc wizard.
The bolt hits the orc priest.
The bolt burns the orc priest.
You kill the orc priest!
Dithmenos accepts your kill.
Found 23 gold pieces.
The acid dragon spits acid at you.
The splash of acid hits something!!
Reactivating autopickup.
You feel a bit more experienced.
The orc wizard casts a spell.
The orc wizard flickers and vanishes!
Deactivating autopickup; reactivate with Ctrl-A.
An orc comes into view. It is wielding a +0 hand axe.
A puff of flame appears from out of thin air!
The puff of flame hits you but does no damage.
Found a stone staircase leading up.
Found a chain mail.
Found a stone staircase leading up.
Found a Young Poisoner's Handbook and a stone.
There is a stone staircase leading up here.
You fly upwards.
The tengu conjurer shouts!
The white imp shouts, "Turn tail, thou unctious hasty-witted pigeon-egg!"
Reactivating autopickup.
You hear a bellow!
The centaur warrior shouts!
The tengu conjurer gestures at you while chanting.
The bolt of lightning hits you!!
* * * LOW HITPOINT WARNING * * *
The white imp gestures at you. The puff of frost hits you!
You die...

#.. # #. ....# #.# #
##. #...##### #.# #
#5.. .c...⌠.⌠###.#+## #
#... #.....∩Q.Y.Y<..# #
........#⌠.⌠..5....###
#..#....(...........#
#.#...................#
#.....@....^.....o.....
###.........##........#
#....................
#####....###.#.......
........#.###.##
.......##.# ... .......
#.# #( R.?.... ..


You could see a centaur warrior, an efreet, a tengu conjurer and a white imp.

Vanquished Creatures
  A two-headed ogre (D:10)
  A boulder beetle (D:11)
  2 orc knights (Bailey)
  A manticore (D:12)
  Maggie (D:7)
  Psyche (D:9)
  A kobold demonologist (D:10)
  An unseen horror (D:11)
  4 trolls
  A polar bear (D:11)
  Prince Ribbit (D:5)
  A centaur simulacrum (D:11)
  A shadow (D:11)
  2 wraiths
  4 yaks
  2 vampire mosquitoes
  2 steam dragons
  3 water moccasins (D:7)
  2 ice beasts
  13 orc warriors
  A swamp drake (D:4)
  A sky beast (D:6)
  2 black bears (D:5)
  An ogre (D:6)
  5 centaurs
  A kobold brigand (D:6)
  4 scorpions
  5 bullfrogs
  A gnoll sergeant (D:8)
  16 wights
  5 killer bees (D:9)
  4 howler monkeys
  A jelly (D:5)
  8 orc priests
  6 hounds
  A sleepcap (D:5)
  3 iguanas
  7 orc wizards
  13 gnolls
  12 adders
  A shadow imp (D:7)
  A white imp (D:11)
  2 ufetubi
  A worm (D:2)
  4 dart slugs
  49 orcs
  5 bats
  13 endoplasms
  5 giant cockroaches
  8 goblins
  10 hobgoblins
  4 jackals
  9 kobolds
  3 quokkas
  6 ball pythons
  2 frilled lizards
  7 rats
272 creatures vanquished.

Vanquished Creatures (others)
  A vampire (D:9)
  An orc wizard (D:12)
2 creatures vanquished.

Grand Total: 274 creatures vanquished

Notes
Turn   | Place    | Note
-------+----------+-------------------------------------------
     0 | D:1      | Strat the Tengu Hexslinger began the quest for the Orb.
     0 | D:1      | Reached XP level 1. HP: 12/12 MP: 3/3
   188 | D:1      | Reached XP level 2. HP: 16/16 MP: 4/4
   191 | D:1      | Reached skill level 3 in Ranged Weapons
   300 | D:1      | Reached XP level 3. HP: 20/20 MP: 5/5
   497 | D:1      | Reached skill level 4 in Ranged Weapons
   579 | D:1      | Found Gaxanol's Antique Weapon Shoppe.
  1113 | D:2      | Reached XP level 4. HP: 25/25 MP: 6/6
  1315 | D:2      | Reached skill level 5 in Ranged Weapons
  1762 | D:3      | Gained mutation: Your magical nature lets you fly swiftly
                  | and evasively. [Tengu growth]
  1762 | D:3      | Reached XP level 5. HP: 29/29 MP: 7/7
  1762 | D:3      | Identified a scroll of acquirement
  1762 | D:3      | Acquired a +4 ring of protection
  2052 | D:3      | Noticed an ogre
  2144 | D:3      | Got the Directory of Haze
  2400 | D:4      | Reached skill level 6 in Ranged Weapons
  2534 | D:4      | Reached XP level 6. HP: 27/35 MP: 8/8
  2637 | D:4      | Noticed an orc warrior
  3289 | D:4      | an orc warrior changed into a swamp drake
  3289 | D:4      | Noticed a swamp drake
  3336 | D:4      | Killed a swamp drake
  3490 | D:5      | Entered Level 5 of the Dungeon
  3490 | D:5      | Found Qoin's Weapon Boutique.
  3523 | D:5      | Bought a +0 hand crossbow for 42 gold pieces
  3617 | D:5      | Noticed a black bear
  3618 | D:5      | Reached XP level 7. HP: 40/40 MP: 9/9
  3777 | D:5      | Noticed Prince Ribbit
  4071 | D:5      | Reached skill level 7 in Ranged Weapons
  4125 | D:5      | Killed Prince Ribbit
  4312 | D:5      | Reached XP level 8. HP: 48/48 MP: 10/10
  4332 | D:5      | Reached skill level 5 in Dodging
  4570 | D:6      | Reached skill level 8 in Ranged Weapons
  4701 | D:6      | Reached skill level 5 in Fighting
  4720 | D:6      | Identified the ring "Neosast" {rN++ Will+}
  4816 | D:6      | Reached skill level 9 in Ranged Weapons
  5171 | D:6      | Reached skill level 10 in Ranged Weapons
  5171 | D:6      | Reached XP level 9. HP: 51/54 MP: 11/11
  5198 | D:6      | Reached skill level 1 in Armour
  5342 | D:6      | Found a staircase to the Ecumenical Temple.
  5349 | Temple   | Entered the Ecumenical Temple
  5533 | Temple   | Became a worshipper of Dithmenos the Shadowed
  5757 | D:7      | Noticed Maggie
  5763 | D:7      | Killed Maggie
  6206 | D:7      | Reached skill level 11 in Ranged Weapons
  6613 | D:8      | Reached * piety under Dithmenos
  6665 | D:8      | Reached XP level 10. HP: 54/59 MP: 12/12
  6845 | D:8      | Reached skill level 5 in Armour
  7502 | D:9      | Identified the +1 robe of True Grit {rF+}
  7533 | D:9      | Reached skill level 12 in Ranged Weapons
  7648 | D:9      | Reached ** piety under Dithmenos
  7859 | D:9      | Noticed Psyche
  7900 | D:9      | Killed Psyche
  8311 | D:10     | Entered Level 10 of the Dungeon
  8314 | D:10     | Noticed a kobold demonologist
  8323 | D:10     | Killed a kobold demonologist
  8350 | D:10     | Found a hazy altar of Hepliaklqana.
  8380 | D:10     | Reached skill level 13 in Ranged Weapons
  8380 | D:10     | Reached XP level 11. HP: 52/64 MP: 13/13
  8478 | D:10     | Noticed a two-headed ogre
  8506 | D:10     | Killed a two-headed ogre
  8603 | D:10     | Found a flagged portal.
  8608 | Bailey   | Entered a bailey
  8878 | Bailey   | Reached *** piety under Dithmenos
  9023 | Bailey   | Noticed an orc knight
  9023 | Bailey   | Noticed an orc knight
  9213 | Bailey   | Killed an orc knight
  9363 | Bailey   | Killed an orc knight
  9406 | Bailey   | Identified the +8 arbalest of Viorupa {flame, MP+9 Str+4}
  9606 | D:11     | Noticed a death knight
  9606 | D:11     | Found a staircase to the Lair.
  9645 | D:11     | Noticed a boulder beetle
  9670 | D:11     | Killed a boulder beetle
  9671 | D:11     | Reached skill level 14 in Ranged Weapons
  9671 | D:11     | Reached skill level 10 in Dodging
  9923 | D:11     | Noticed a rakshasa
  9943 | D:11     | Noticed a five-headed hydra
  9948 | D:11     | Noticed a tengu warrior
  9949 | D:11     | Found a staircase to the Orcish Mines.
  9949 | D:11     | Noticed a boulder beetle
  9957 | D:11     | Found Paadwiun's Distillery.
  9957 | D:11     | Identified the amulet of Uczuum Keat {Faith Fragile rF+
                  | rC+}
 10155 | D:11     | Noticed a manticore
 10155 | D:11     | Noticed a cyclops
 10156 | D:11     | Noticed a four-headed hydra
 10278 | D:12     | Noticed a deep elf pyromancer
 10286 | D:12     | Noticed a skeletal warrior
 10310 | D:12     | Noticed a manticore
 10314 | D:12     | Killed a manticore
 10382 | D:11     | Noticed a centaur warrior
 10382 | D:11     | Killed from afar by a white imp

Illustrated notes

Levels and vault maps discovered:
D:1:      dpeg_arrival_refuge, layout_basic, serial_shops,
          nicolae_shop_just_a_little_nook
D:2:      layout_loops_cross
D:3:      layout_loops_cross
D:4:      layout_cave_pools
D:5:      layout_cave_pods, serial_shops, shop, uniq_prince_ribbit1
D:6:      layout_rooms, minmay_temple_entry_statues_pillars
D:7:      layout_cave_pools, uniq_maggie
D:8:      layout_loops_ring
D:9:      layout_gridville, uniq_psyche
D:10:     layout_cross, nicolae_overflow_crystal_walls, enter_bailey_4
D:11:     minmay_the_grid_square_5x5_4x4 [minmay_the_grid_square_5x5_misaligned,
          minmay_the_grid_square_5x5_dogpile,
          minmay_the_grid_square_5x5_hollow_slash,
          minmay_the_grid_square_5x5_two_walls_b,
          minmay_the_grid_square_5x5_doubleslash,
          minmay_the_grid_square_5x5_prize_pseudospiral,
          minmay_the_grid_square_5x5_prize_snowflake,
          minmay_the_grid_square_5x5_three_small,
          minmay_the_grid_square_5x5_sharp_hourglass,
          minmay_the_grid_square_5x5_prize_gold,
          minmay_the_grid_square_5x5_prize_junk,
          minmay_the_grid_square_5x5_two_small, minmay_the_grid_square_5x5_meh,
          minmay_the_grid_square_5x5_plus, minmay_the_grid_square_5x5_tie,
          minmay_the_grid_square_5x5_pentomino_r], layout_basic,
          lair_entry_dummy, orc_david_3, serial_ice, serial_ice_n, serial_ice_b,
          serial_ice_f, serial_ice_k, serial_shops, shop_fountains
D:12:     layout_rooms, special_room [special_room_orc], minmay_splitting_lines
Temple:   mainiacjoe_temple_starburst

Skill      XL: |  1  2  3  4  5  6  7  8  9 10 11 |
---------------+----------------------------------+-----
Ranged Weapons | 3 4 5 6 7 10 11 13 14 | 14.8
Fighting       | 2 4 5 6 7 |  7.9
Dodging        | 3 4 5 7 9 10 | 10.0
Armour         | 4 5 |  5.0
Spellcasting   | |  1.0
Hexes          | |  2.1

Action                     |  1- 3 |  4- 6 |  7- 9 | 10-12 || total
---------------------------+-------+-------+-------+-------++-------
  Melee: Trident           |       |     6 |       |       ||     6
         Sling             |       |     4 |       |       ||     4
         Kick              |       |     2 |       |       ||     2
         Peck              |       |     2 |       |       ||     2
   Fire: Sling             |   101 |   234 |       |       ||   335
         Hand crossbow     |       |     5 |   265 |   324 ||   594
         Arbalest          |       |     3 |       |    76 ||    79
   Cast: Slow              |       |     1 |       |       ||     1
  Evoke: Wand              |       |     7 |       |    10 ||    17
    Use: Scroll            |     5 |    11 |     8 |    10 ||    34
         Potion            |       |     2 |     2 |     6 ||    10
 Armour: Robe              |     9 |     9 |       |       ||    18
         Leather armour    |       |    13 |    29 |       ||    42
         Ring mail         |       |    10 |       |       ||    10
         Steam dragon scal |       |       |    19 |    54 ||    73
  Dodge: Dodged            |    22 |    90 |   117 |   295 ||   524
